 Dungeon Crawl Stone Soup version 0.20-a0-1127-g1289703 (webtiles) character file.

109 zhorgal the Chopper (level 4, -3/39 HPs)
             Began as a Hill Orc Fighter on May 18, 2017.
             Slain by Grinder (6 damage)
             ... on level 3 of the Dungeon.
             The game lasted 00:04:43 (1979 turns).

zhorgal the Chopper (Hill Orc Fighter)              Turns: 1979, Time: 00:04:44

Health: -3/39      AC: 10    Str: 19    XL:     4   Next: 89%
Magic:  4/4        EV:  5    Int:  8    God:
Gold:   106        SH:  9    Dex: 10    Spells: 3/3 levels left

rFire    . . .     SeeInvis .   a - +0 war axe
rCold    . . .     Gourm    .   c - +0 shield
rNeg     . . .     Faith    .   o - +0 chain mail (curse)
rPois    .         Spirit   .   (no helmet)
rElec    .         Reflect  .   (no cloak)
rCorr    .         Harm     .   (no gloves)
MR       .....                  j - +0 pair of boots
Stlth    ..........             (no amulet)
Regen    0.2/turn               (no ring)
MPRegen  0.1/turn               (no ring)

@: no status effects
A: no striking features
a: no special abilities


You were on level 3 of the Dungeon.
You were not hungry.

You visited 1 branch of the dungeon, and saw 4 of its levels.

You collected 106 gold pieces.

Inventory:

Hand Weapons
 a - a +0 war axe (weapon)
Missiles
 i - 46 stones (quivered)
Armour
 c - a +0 shield (worn)
 j - a +0 pair of boots (worn)
 o - a cursed +0 chain mail (worn)
Scrolls
 e - 2 scrolls of recharging {unknown}
 g - 2 scrolls of identify {unknown}
 h - a scroll of remove curse {unknown}
 k - 2 scrolls of teleportation {unknown}
Potions
 b - a potion of curing {unknown}
 d - a potion of might
 l - a potion of degeneration {unknown}
 n - 2 potions of heal wounds {unknown}
 p - a potion of haste {unknown}
 q - a potion of mutation {unknown}
Comestibles
 f - 4 bread rations
 m - a royal jelly
 r - 7 chunks of flesh


   Skills:
 - Level 3.6 Fighting
 + Level 6.5 Axes
 - Level 3.2 Armour
 - Level 3.2 Shields


You had 3 spell levels left.
You didn't know any spells.

Dungeon Overview and Level Annotations

Branches:
Dungeon (4/15)
 Temple: D:4-7

Altars:
Elyvilon

Annotations:
D:3 Grinder


Message History

Pain shoots through your body!
You closely miss Grinder.
Grinder is heavily wounded.
Grinder hits you.
You writhe in agony.
* * * LOW HITPOINT WARNING * * *
Grinder barely misses you.
You hit Grinder but do no damage.
Grinder is heavily wounded.
You block Grinder's attack.
You closely miss Grinder.
Grinder is heavily wounded.
You block Grinder's attack.
You closely miss Grinder.
Grinder is heavily wounded.
Grinder hits you.
* * * LOW HITPOINT WARNING * * *
You writhe in agony.
* * * LOW HITPOINT WARNING * * *
Grinder hits you.
You die...

)#..####...............#..
.#.......#.............# .
.........#......##..##....#
....................# .......
#..#............##.###......:
#..##...........##.........5.
..# ...............##.......
..# . .......##..#...##...
..# ......5@...........#
.................
...........#.[..#
................#
....###.##.####.# .... #.# ..
.# ### ..# .## .#.. .# #. .#


You could see Grinder.

Vanquished Creatures
  4 adders (D:2)
  A worm (D:2)
  2 dart slugs
  A leopard gecko (D:1)
  8 orcs (D:3)
  2 giant cockroaches
  6 goblins
  6 hobgoblins
  6 kobolds
  10 bats
  4 frilled lizards
  6 rats
56 creatures vanquished.

Notes
Turn   | Place    | Note
-------+----------+-------------------------------------------
     0 | D:1      | zhorgal the Hill Orc Fighter began the quest for the Orb.
     0 | D:1      | Reached XP level 1. HP: 19/19 MP: 1/1
    60 | D:1      | Reached skill level 3 in Axes
   233 | D:1      | Reached XP level 2. HP: 26/26 MP: 2/2
   427 | D:1      | Reached skill level 4 in Axes
   887 | D:1      | Reached XP level 3. HP: 31/31 MP: 3/3
  1069 | D:2      | Reached skill level 5 in Axes
  1081 | D:2      | You fall through a shaft for 2 floors!
  1154 | D:2      | Reached XP level 4. HP: 38/39 MP: 4/4
  1371 | D:2      | Reached skill level 6 in Axes
  1910 | D:3      | Found a white marble altar of Elyvilon.
  1943 | D:3      | Noticed Grinder
  1979 | D:3      | Slain by Grinder

Vault maps used:
D:1:      dpeg_arrival_chambers_temple_mockup, minmay_misc_feat_nine_boxes
D:2:      first_bread, grunt_ministairs_14
D:3:      lemuel_doored_altar, chequers_ecumenical_altar_simple_redux,
          uniq_grinder
D:4:      nicolae_overflow_crystal_walls, tgw_trog, temple_green

Skill      XL: |  1  2  3  4 |
---------------+-------------+-----
Axes           | 3 4 5 6 |  6.5
Fighting       | |  3.6
Armour         | |  3.2
Shields        | |  3.2

Action                   |  1- 3 |  4- 6 || total
-------------------------+-------+-------++-------
Melee: War axe           |   106 |    80 ||   186
Throw: Stone             |     1 |       ||     1
  Use: Potion            |     1 |       ||     1
  Eat: Chunk             |     1 |     3 ||     4
Armor: Scale mail        |    60 |       ||    60
       Chain mail        |       |    31 ||    31
Dodge: Dodged            |    32 |    15 ||    47
Block: Shield            |    69 |    33 ||   102
